 Dungeon Crawl Stone Soup version 0.28.0-45-g0d030f2227 (webtiles) character file.

Game seed: 8500638599563834702

205 psko the Magician (level 5, 0/24 HPs)
             Began as a Spriggan Conjurer on Apr 23, 2022.
             Succumbed to a scorpion's poison
             ... on level 4 of the Dungeon.
             The game lasted 00:17:59 (3706 turns).

psko the Magician (Spriggan Conjurer)               Turns: 3706, Time: 00:18:00

Health: 0/24       AC:  2    Str: 11    XL:     5   Next: 52%
Magic:  12/12      EV: 17    Int: 19    God:
Gold:   175        SH:  0    Dex: 14    Spells: 7/13 levels left

rFire   . . .      SeeInvis +   s - +2 flail (protect)
rCold   . . .      Faith    .   (no shield)
rNeg    . . .      Spirit   .   a - +0 robe
rPois   .          Reflect  .   (helmet restricted)
rElec   .          Harm     .   (no cloak)
rCorr   .          Rampage  .   (gloves unavailable)
Will    .....                   (boots unavailable)
Stlth   ++........              m - amulet of magic regeneration
HPRegen 0.08/turn               k - +6 ring of strength
MPRegen 0.53/turn               (no ring)

@: lethally poisoned (0 -> -2), very slightly contaminated, very quick
A: very small, no large weapons, unfitting armour, see invisible, speed 3
a: no special abilities


You were on level 4 of the Dungeon.
You visited 1 branch of the dungeon, and saw 4 of its levels.

You collected 175 gold pieces.

Inventory:

Hand Weapons
 e - a +0 short sword
 s - a +2 flail of protection (weapon)
Armour
 a - a +0 robe (worn)
 g - a +1 pair of boots
Jewellery
 k - a +6 ring of strength (left hand)
 m - an amulet of magic regeneration (around neck)
Scrolls
 b - 2 scrolls of enchant weapon {unknown}
 h - 2 scrolls of vulnerability {unknown}
 i - a scroll of summoning {unknown}
 j - 2 scrolls of identify {unknown}
 l - a scroll of fog {unknown}
 o - a scroll of immolation {unknown}
 p - a scroll of amnesia {unknown}
Potions
 d - a potion of brilliance {unknown}
 f - a potion of invisibility {unknown}
 n - a potion of curing {unknown}
 q - a potion of mutation {unknown}
 r - a potion of berserk rage {unknown}


   Skills:
 + Level 0.2 Fighting
 + Level 0.3 Short Blades
 + Level 0.2 Maces & Flails
 + Level 3.3 Dodging
 + Level 3.6 Stealth
 + Level 4.5 Spellcasting
 + Level 4.2 Conjurations


You had 7 spell levels left.
You knew the following spells:

 Your Spells              Type           Power      Damage    Failure   Level
a - Magic Dart            Conj           80%        1d7       2%          1
b - Dazzling Flash        Conj/Hex       24%        N/A       16%         3
c - Searing Ray           Conj           40%        2d5       3%          2

Your spell library contained the following spells:

 Spells                   Type           Power      Damage    Failure   Level
 Animate Skeleton         Necr           8%         N/A       13%         1
 Pain                     Necr           16%        1d4       13%         1
 Portal Projectile        Hex/Tloc       8%         N/A       36%         3
 Vampiric Draining        Necr           4%         2d6       36%         3
 Fulminant Prism          Conj/Hex       6%         3d7       47%         4
 Iskenderun's Mystic Bla  Conj/Tloc      12%        2d5       50%         4
 Blade Hands              Tmut           2%         N/A       98%         5
 Excruciating Wounds      Necr           2%         N/A       98%         5


Dungeon Overview and Level Annotations

Branches:
Dungeon (4/15)
 Temple: D:4-7

Altars:


Innate Abilities, Weirdness & Mutations

You are very small and have problems with some larger weapons.
You are too small for most types of armour.
You have supernaturally acute eyesight. (SInv)
You cover ground extremely quickly. (Speed+++)


Message History

You are lethally poisoned!
The scorpion poisons you!
You hit the scorpion.
The scorpion is severely wounded.
You feel very sick.
The scorpion stings you but does no damage.
The scorpion barely misses you.
You closely miss the scorpion.
The scorpion is severely wounded.
* * * LOW HITPOINT WARNING * * *
You feel sick.
The scorpion stings you but does no damage.
Casting: Magic Dart (safe; 2% risk of failure)
Confirm with . or Enter, or press ? or * to list all spells.
Aiming: Magic Dart (safe; 2% risk of failure)
Press: ? - help, Shift-Dir - straight line, f/p - scorpion
Aim: a scorpion (severely wounded, 100% to hit)
You miscast Magic Dart.
You are very lightly contaminated with residual magic.
Nothing appears to happen.
* * * LOW HITPOINT WARNING * * *
You feel sick.
The scorpion stings you but does no damage.
The scorpion barely misses you.
Casting: Magic Dart (safe; 2% risk of failure)
Confirm with . or Enter, or press ? or * to list all spells.
Aiming: Magic Dart (safe; 2% risk of failure)
Press: ? - help, Shift-Dir - straight line, f/p - scorpion
Aim: a scorpion (severely wounded, 100% to hit)
The magic dart hits the scorpion.
You kill the scorpion!
* * * LOW HITPOINT WARNING * * *
You feel sick.
* * * LOW HITPOINT WARNING * * *
You feel sick.
* * * LOW HITPOINT WARNING * * *
You feel sick.
* * * LOW HITPOINT WARNING * * *
You feel sick.
You die...

.......#.#.#.#
<......#...#.#######
.......+...........#
.......#...#.#####.#
.............# #.#
.##+##.##....# #.# .
#.....#...### #.#
..#.....#..########.#
........@<..........#
#.........###########
.................#
##...##...........
##.. ###.......## ...
.......... ...
.........## ...
............
#...........#


There were no monsters in sight!

Vanquished Creatures
  A scorpion (D:4)
  3 adders (D:2)
  4 worms
  2 dart slugs
  5 orcs (D:3)
  7 endoplasms
  2 giant cockroaches (D:3)
  13 goblins
  8 hobgoblins
  4 jackals
  10 kobolds
  5 quokkas
  5 ball pythons
  9 bats
  3 frilled lizards (D:2)
  3 rats
84 creatures vanquished.

Notes
Turn   | Place    | Note
-------+----------+-------------------------------------------
     0 | D:1      | psko the Spriggan Conjurer began the quest for the Orb.
     0 | D:1      | Reached XP level 1. HP: 9/9 MP: 5/5
   448 | D:2      | Reached XP level 2. HP: 8/13 MP: 1/6
   930 | D:1      | Reached XP level 3. HP: 16/16 MP: 1/8
  2021 | D:2      | Reached XP level 4. HP: 21/21 MP: 0/10
  2543 | D:2      | Learned a level 3 spell: Dazzling Flash
  2546 | D:2      | Learned a level 2 spell: Searing Ray
  3374 | D:3      | Reached XP level 5. HP: 10/24 MP: 8/12
  3704 | D:4      | HP: 1/24 [poisoned by a scorpion]
  3706 | D:4      | Succumbed to a scorpion's poison

Illustrated notes

Levels and vault maps discovered:
D:1:      minmay_arrival_cross, layout_loops_cross
D:2:      minmay_diamond_boxcup, layout_basic, minmay_fractal_squares_gapless_5
D:3:      layout_rooms, nrook_mini_vaults, minmay_goblin_outpost
D:4:      layout_basic, ebering_ghost_gozag, chequers_serial_rivers_room_b,
          uniq_menkaure

Skill      XL: |  1  2  3  4 |
---------------+-------------+-----
Conjurations   | 3 4 |  4.2
Dodging        | 3 |  3.3
Spellcasting   | 3 4 |  4.5
Fighting       | |  0.2
Short Blades   | |  0.3
Maces & Flails | |  0.2
Stealth        | |  3.6

Action                   |  1- 3 |  4- 6 || total
-------------------------+-------+-------++-------
Melee: Dagger            |    25 |       ||    25
       Unarmed           |     2 |       ||     2
       Punch             |     1 |       ||     1
       Short sword       |     1 |    15 ||    16
       Flail             |       |     5 ||     5
 Cast: Magic Dart        |    83 |    84 ||   167
       Searing Ray       |       |    15 ||    15
       Dazzling Flash    |       |     1 ||     1
Armor: Robe              |     4 |     3 ||     7
Dodge: Dodged            |    37 |    24 ||    61
